 Dungeon Crawl Stone Soup version 0.15.1-1-gfacfea3 (webtiles) character file.

5312 Kashira the Basher (level 10, -10/104 HPs)
             Began as an Ogre Wanderer on Sept 24, 2014.
             Was a Priest of Qazlal.
             Mangled by a warg (17 damage)
             ... led by an orc knight
             ... on Level 3 of the Orcish Mines.
             The game lasted 00:42:34 (16208 turns).

Kashira the Basher (Ogre Wanderer)                 Turns: 16208, Time: 00:42:35

HP -10/104       AC 10     Str 17      XL: 10   Next: 64%
MP  15/15        EV 18     Int 10      God: Qazlal [***...]
Gold 299         SH  4     Dex 15      Spells:  0 memorised,  9 levels left

rFire  . . .     SeeInvis .     r - +3 morningstar (protect)
rCold  . . .     Clarity  .     d - +0 robe
rNeg   . . .     rCorr    .     (shield restricted)
rPois  .         rRot     .     D - +2 hat
rElec  .         Spirit   .     (no cloak)
SustAb .         Warding  .     (gloves unavailable)
rMut   .         Stasis   .     (boots unavailable)
Gourm  .                        (no amulet)
MR     ++...                    E - ring of protection from magic
                                i - +3 ring of evasion

@: about to teleport, hasted, very quick, very resistant to hostile
enchantments, very unstealthy
A: unfitting armour, tough skin 1
a: Upheaval, Elemental Force, Renounce Religion


You were on level 3 of the Orcish Mines.
You worshipped Qazlal.
Qazlal was most pleased with you.
You were not hungry.

You visited 3 branches of the dungeon, and saw 14 of its levels.

You collected 628 gold pieces.
You spent 329 gold pieces at shops.

Inventory:

Hand weapons
 a - a +2 shortbow
 m - a +0 morningstar
 r - a +3 morningstar of protection (weapon)
 G - a +2 mace of pain
 L - a +1 flail of draining
 N - a +0 giant spiked club
 P - a +1 antimagic mace
Missiles
 e - 23 arrows
 O - 5 large rocks (quivered)
Armour
 d - a +0 robe (worn)
 D - a +2 hat (worn)
Magical devices
 g - a wand of digging (24)
 F - a wand of confusion (6)
Comestibles
 f - 4 meat rations
 h - a royal jelly
 s - 2 slices of pizza
 v - 3 bread rations
Scrolls
 k - 6 scrolls of remove curse
 l - 4 scrolls of teleportation
 n - a scroll of enchant weapon
 w - 2 scrolls of random uselessness
 x - 2 scrolls of blinking
 A - 2 scrolls of enchant armour
 H - a scroll of identify
Jewellery
 i - a +3 ring of evasion (left hand)
 y - an uncursed ring of sustain abilities
 E - a ring of protection from magic (right hand)
Potions
 c - a potion of curing
 q - a potion of brilliance
 u - 2 potions of beneficial mutation
 z - 3 potions of cancellation
 C - 2 potions of agility
 I - a potion of resistance
 J - a potion of haste
 M - a potion of might
Books
 b - a book of the Earth

   Spells                             Type                      Level
   Leda's Liquefaction                Hexes/Earth                  4
   Bolt of Magma                      Conjuration/Fire/Earth       5
   Statue Form                        Transmutation/Earth          6
   Iron Shot                          Conjuration/Earth            6
   Shatter                            Earth                        9


   Skills:
 + Level 8.2 Fighting
 * Level 13.2 Maces & Flails
 - Level 3.7 Bows
 + Level 8.4 Dodging
 - Level 1.0 Stealth
   Level 1.0 Shields
 * Level 3.0 Invocations


You had 9 spell levels left.
You didn't know any spells.

Dungeon Overview and Level Annotations

Branches:
Dungeon (10/15)            Temple (1/1) D:7             Orc (3/4) D:9
    Elf: Orc:3-4       Lair: D:8-11

Altars:
Ashenzari
Cheibriados
Dithmenos
Elyvilon
Fedhas
Kikubaaqudgha
Makhleb
Nemelex Xobeh
Okawaru
Qazlal
Sif Muna
Trog
Vehumet
Xom
Yredelemnul
Zin
The Shining One

Shops:
D:7 =   Orc:1 ([}(*

Annotations:
D:5 Prince Ribbit
D:9 exclusion: ice statue


Innate Abilities, Weirdness & Mutations

You are too large for most types of armour.
You have tough skin (AC +1).


Message History

Drink which item? (? for menu, Esc to quit)
You feel better. The warg bites you.
* * * LOW HITPOINT WARNING * * *
The orc completely misses you. The orc warrior misses you.
Read which item? (? for menu, Esc to quit)
As you read the scroll of teleportation, it crumbles to dust.
You feel strangely unstable. The warg closely misses you.
You block the orc's attack. The warg closely misses you.
An orc comes into view. It is wielding a flail.
Drink which item? (? for menu, Esc to quit)
It has a very clean taste.
You feel slightly disoriented.
You feel a little more calm.
It was a potion of cure mutation.
The orc shouts!
The orc warrior closely misses you. The warg bites you!
* * * LOW HITPOINT WARNING * * *
The orc barely misses you.
Drink which item? (? for menu, Esc to quit)
You feel yourself speed up.
It was a potion of haste.
The warg bites you!
You die...

#...####
#..##≈####
##.....#..
#.h...h...
##.##....≈
#o.###.... ###
##..# ##..o
##o#####...## ##oo
#@ho#.###...# #..
##o....o)...# #..
#...........# ###
##.....#.....#*
#......#......#*
*#.......#...... *
#..............o..
##............ ...
............ ,...


You could see a warg, an orc warrior and 3 orcs.

Vanquished Creatures
  An orc knight (Orc:3)
  2 trolls (Orc:2)
  A wyvern (D:9)
  A hippogriff (D:9)
  A warg (Orc:2)
  A black bear (D:8)
  5 orc warriors
  2 ice beasts
  4 ogres
  3 sky beasts
  3 centaurs
  A giant frog (D:6)
  An eye of draining (D:8)
  2 scorpions
  6 killer bees
  5 wights (D:8)
  4 crimson imps
  A hound (D:9)
  4 goliath beetles
  A centaur skeleton (D:4)
  A giant frog skeleton (D:7)
  14 orc wizards
  11 orc priests
  5 worker ants
  2 iguanas
  Ijyb (D:2)
  A big kobold skeleton (D:7)
  Terence (D:2)
  11 adders
  A shadow imp (D:7)
  A giant mite (D:7)
  An inept item mimic (D:7)
  3 worms
  An iguana skeleton (D:8)
  3 oozes
  96 orcs
  A bat skeleton (D:6)
  8 giant cockroaches
  22 goblins
  20 hobgoblins
  10 jackals
  15 kobolds
  5 quokkas
  14 bats
  6 giant geckos
  A giant gecko zombie (D:8)
  7 giant newts
  A hobgoblin skeleton (D:4)
  A kobold skeleton (D:4)
  A quokka skeleton (D:7)
  11 rats
  5 ballistomycetes (D:8)
330 creatures vanquished.

Vanquished Creatures (others)
  2 giant spores (D:8)
  A ballistomycete (D:8)
3 creatures vanquished.

Grand Total: 333 creatures vanquished

Notes
Turn   | Place    | Note
--------------------------------------------------------------
     0 | D:1      | Kashira, the Ogre Wanderer, began the quest for the Orb.
     0 | D:1      | Reached XP level 1. HP: 19/19 MP: 1/1
     0 | D:1      | Noticed a centaur zombie
     0 | D:1      | Noticed a troll zombie
     3 | D:1      | Noticed an elf zombie
     8 | D:1      | Noticed a formicid zombie
    10 | D:1      | Noticed a draconian zombie
    12 | D:1      | Noticed a minotaur zombie
    14 | D:1      | Noticed a spriggan zombie
    16 | D:1      | Noticed a formicid zombie
    19 | D:1      | Noticed a merfolk zombie
   128 | D:1      | Reached XP level 2. HP: 22/27 MP: 2/2
   141 | D:1      | Reached skill level 1 in Maces & Flails
   589 | D:1      | Reached XP level 3. HP: 31/33 MP: 3/3
  1434 | D:2      | Reached XP level 4. HP: 37/42 MP: 4/4
  1593 | D:2      | Noticed Terence
  1608 | D:2      | Killed Terence
  1817 | D:2      | Noticed Ijyb
  1832 | D:2      | Killed Ijyb
  2387 | D:3      | Reached XP level 5. HP: 42/50 MP: 5/5
  2771 | D:4      | Reached skill level 4 in Maces & Flails
  2844 | D:4      | Reached XP level 6. HP: 27/59 MP: 6/6
  3581 | D:4      | Found a burning altar of Makhleb.
  3683 | D:4      | Reached skill level 5 in Maces & Flails
  3925 | D:5      | Entered Level 5 of the Dungeon
  4060 | D:5      | Noticed Prince Ribbit
  4433 | D:5      | Found a blossoming altar of Fedhas.
  4638 | D:5      | Reached skill level 6 in Maces & Flails
  4638 | D:5      | Reached XP level 7. HP: 57/70 MP: 7/7
  5649 | D:6      | Reached skill level 7 in Maces & Flails
  6137 | D:6      | Reached skill level 5 in Dodging
  6151 | D:6      | Reached XP level 8. HP: 67/79 MP: 8/8
  6280 | D:7      | Reached skill level 8 in Maces & Flails
  6291 | D:7      | Found a staircase to the Ecumenical Temple.
  6315 | Temple   | Entered the Ecumenical Temple
  6403 | Temple   | Became a worshipper of Qazlal Stormbringer
  6456 | D:7      | Found Qoicver's Jewellery Shoppe.
  6500 | D:7      | Reached skill level 5 in Fighting
  8236 | D:7      | Reached skill level 9 in Maces & Flails
  8269 | D:7      | Acquired Qazlal's first power
  9094 | D:8      | Reached skill level 10 in Maces & Flails
  9094 | D:8      | Reached XP level 9. HP: 51/89 MP: 9/9
  9690 | D:8      | Gained mutation: You passively map a small area around you. [mutagenic meat]
  9691 | D:8      | Gained mutation: You tend to lose your temper in combat. [mutagenic meat]
 10526 | D:9      | Reached skill level 11 in Maces & Flails
 11210 | D:9      | Found a staircase to the Orcish Mines.
 11297 | D:9      | Noticed an ice statue
 11424 | D:10     | Entered Level 10 of the Dungeon
 11813 | D:9      | Noticed a hill giant
 11882 | D:9      | Acquired Qazlal's second power
 12130 | Orc:1    | Entered Level 1 of the Orcish Mines
 12207 | Orc:1    | Found an iron altar of Okawaru.
 12893 | Orc:2    | Reached skill level 12 in Maces & Flails
 13392 | Orc:2    | Reached skill level 1 in Invocations
 13438 | Orc:2    | Reached XP level 10. HP: 36/102 MP: 10/12
 14261 | Orc:2    | HP: 4/104 [orc priest/divine providence (16)]
 14835 | Orc:1    | Found Kutt's Antique Weapon Emporium.
 14849 | Orc:1    | Found Yfer's General Store.
 14865 | Orc:1    | Acquired Qazlal's third power
 14884 | Orc:1    | Bought a scroll of blinking for 105 gold pieces
 14884 | Orc:1    | Bought a potion of resistance for 98 gold pieces
 14884 | Orc:1    | Bought a potion of might for 35 gold pieces
 14884 | Orc:1    | Bought a scroll of teleportation for 42 gold pieces
 14884 | Orc:1    | Bought 5 large rocks for 49 gold pieces
 15814 | Orc:1    | Found Zeqiol's Antique Armour Emporium.
 15824 | Orc:1    | Found Opnil's Gadget Emporium.
 15883 | Orc:1    | Found Mabla's Antique Weapon Shoppe.
 16146 | Orc:3    | Noticed an orc knight
 16181 | Orc:3    | Killed an orc knight
 16181 | Orc:3    | Reached skill level 13 in Maces & Flails
 16207 | Orc:3    | Lost mutation: You passively map a small area around you. [potion of cure mutation]
 16207 | Orc:3    | Lost mutation: You tend to lose your temper in combat. [potion of cure mutation]
 16208 | Orc:3    | Mangled by a warg

Action                   |  1- 3 |  4- 6 |  7- 9 | 10-12 || total
-------------------------+-------+-------+-------+-------++-------
Melee: Mace              |   139 |    31 |   420 |   127 ||   717
       Morningstar       |       |   190 |   280 |   141 ||   611
 Fire: Shortbow          |     1 |       |       |       ||     1
Invok: Upheaval          |       |       |     2 |     1 ||     3
Evoke: Wand              |       |       |     3 |       ||     3
  Use: Scroll            |       |     3 |     4 |     7 ||    14
       Potion            |       |       |       |     9 ||     9
 Stab: Sleeping          |     1 |     2 |     2 |       ||     5
       Invisible         |       |       |       |     3 ||     3
  Eat: Chunk             |     2 |    10 |    30 |    10 ||    52
       Beef jerky        |       |       |     1 |     1 ||     2
